 Dungeon Crawl Stone Soup version 0.31-a0-188-g5e087ee2ca (webtiles) character file.

Game seed: 10999839657389340743

137 qw the Skirmisher (level 5, -1/29 HPs)
             Began as a Deep Elf Hunter on June 23, 2023.
             Killed from afar by an orc wizard (6 damage)
             ... with a puff of flame
             ... on level 4 of the Dungeon.
             The game lasted 00:00:27 (987 turns).

qw the Skirmisher (Deep Elf Hunter)                  Turns: 987, Time: 00:00:28

Health: -1/29      AC:  4    Str: 10    XL:     5   Next: 0%
Magic:  7/7        EV: 12    Int: 14    God:
Gold:   53         SH:  0    Dex: 18    Spells: 4/4 levels left

rFire   . . .        Y - +0 shortbow
rCold   . . .        (shield currently unavailable)
rNeg    . . .        c - +0 leather armour
rPois   .            g - +0 helmet
rElec   .            (no cloak)
rCorr   .            (no gloves)
SInv    .            (no boots)
Will    .....        (no amulet)
Stlth   +            (no ring)
HPRegen 0.24/turn    (no ring)
MPRegen 0.10/turn

%: no passive effects
@: confused
A: no striking features
a: no special abilities


You were on level 4 of the Dungeon.
You visited 1 branch of the dungeon, and saw 3 of its levels.

You collected 53 gold pieces.


   Skills:
 - Level 1.5 Fighting
 + Level 8.4 Ranged Weapons
 - Level 2.4 Dodging
 - Level 1.2 Stealth


You had 4 spell levels left.
You didn't know any spells.
Your spell library was empty.

Inventory:

Hand Weapons
 Y - a +0 shortbow (weapon)
Armour
 c - a +0 leather armour (worn)
 d - a +0 ring mail
 g - a +0 helmet (worn)
Scrolls
 a - 2 scrolls of amnesia {unknown}
Potions
 b - a potion of resistance {unknown}
 e - a potion of haste {unknown}
 f - a potion of curing {unknown}
 i - a potion of degeneration {unknown}

Dungeon Overview and Level Annotations

Branches:
Dungeon (4/15)
 Temple: D:4-7

Altars:


Message History

The hobgoblin closely misses you. The giant cockroach misses you.
You shoot an arrow. The arrow barely misses the orc wizard.
The hobgoblin closely misses you. The orc hits you but does no damage.
The orc wizard hits you with a +0 club.
The giant cockroach bites you but does no damage.
You shoot an arrow. The arrow barely misses the orc wizard.
The giant cockroach misses you. The orc wizard hits you with a +0 club.
The hobgoblin closely misses you. The orc barely misses you.
You shoot an arrow.
The arrow hits the orc wizard but does no damage.
The giant cockroach bites you but does no damage.
The orc wizard hits you with a +0 club. The hobgoblin completely misses you.
The orc hits you but does no damage.
You shoot an arrow.
The arrow hits the orc wizard but does no damage.
The giant cockroach barely misses you.
The hobgoblin hits you but does no damage.
The orc completely misses you.
The orc wizard hits you but does no damage.
You shoot an arrow. The arrow hits the orc wizard.
The orc wizard is moderately wounded.
The giant cockroach barely misses you.
The orc wizard hits you but does no damage.
The hobgoblin closely misses you. The orc hits you with a +0 club.
You shoot an arrow. The arrow hits the orc wizard.
The orc wizard is heavily wounded.
The giant cockroach bites you but does no damage. x2
The orc wizard casts a spell at you.
You are confused.
The hobgoblin closely misses you. The orc misses you.
The giant cockroach bites you but does no damage.
The hobgoblin misses you. The orc hits you with a +0 club.
The orc wizard barely misses you. The giant cockroach bites you.
The orc wizard hits you but does no damage.
The hobgoblin barely misses you. The orc completely misses you.
The giant cockroach closely misses you.
The orc wizard points at you and mumbles some strange words.
The puff of flame hits you.
You die...

.........#. ..##
...........#....#
...........#.....
..............#
##..#.##......##
.. #......## #.
###.........
##g###............
#oo@...####.......
......oB..##
.......
.....#.####
....... .... ##
...).. .## ...


You could see an orc wizard, 2 orcs, a giant cockroach and a hobgoblin.

Vanquished Creatures
  A scorpion (D:2)
  Jessica (D:2)
  An adder (D:2)
  A worm (D:2)
  2 orcs (D:4)
  2 endoplasms
  A giant cockroach (D:2)
  2 goblins
  3 hobgoblins
  8 jackals (D:1)
  2 ball pythons (D:1)
  4 bats (D:1)
  A frilled lizard (D:2)
  4 kobolds
  A rat (D:2)
34 creatures vanquished.

Notes
Turn   | Place    | Note
-------+----------+-------------------------------------------
     0 | D:1      | qw the Deep Elf Hunter began the quest for the Orb.
     0 | D:1      | Reached XP level 1. HP: 12/12 MP: 3/3
     0 | D:1      | 0 ||| qw: Version: 0.3-a-9-g12657ce
     0 | D:1      | 0 ||| qw: Game counter: 3187
     0 | D:1      | 0 ||| qw: Always use a shield: true
     0 | D:1      | 0 ||| qw: God list: Okawaru
     0 | D:1      | 0 ||| qw: Allow faded altars: false
     0 | D:1      | 0 ||| qw: Do Orc after D:15 true
     0 | D:1      | 0 ||| qw: Do second Lair branch before Depths: true
     0 | D:1      | 0 ||| qw: Lair rune preference: random
     0 | D:1      | 0 ||| qw: Plans: Normal
     0 | D:1      | 0 ||| PLANNING D:1-11
    34 | D:1      | Reached skill level 6 in Ranged Weapons
    34 | D:1      | Reached XP level 2. HP: 14/16 MP: 4/4
   401 | D:1      | 401 ||| UPGRADING to +0 helmet.
   406 | D:1      | 406 ||| DROPPING +6 ring of intelligence.
   407 | D:1      | 407 ||| READING scroll labelled LOKLOW EZEOPS.
   408 | D:1      | 408 ||| READING scroll labelled FAR RYUMIU.
   409 | D:1      | 409 ||| READING scroll labelled ENEISS COOLUPS.
   410 | D:1      | 410 ||| DROPPING scroll of butterflies.
   442 | D:2      | Reached XP level 3. HP: 20/20 MP: 5/5
   654 | D:2      | Noticed a scorpion
   667 | D:2      | Killed a scorpion
   668 | D:2      | Reached skill level 7 in Ranged Weapons
   668 | D:2      | Reached XP level 4. HP: 13/25 MP: 6/6
   793 | D:2      | Noticed Jessica
   804 | D:2      | HP: 5/25 [Jessica/+2 spectral club (5)]
   804 | D:2      | HP: 2/25 [+2 spectral club[Jessica] (3)]
   805 | D:2      | Killed Jessica
   806 | D:2      | Reached skill level 8 in Ranged Weapons
   945 | D:2      | You fall into a shaft and drop 2 floors!
   978 | D:4      | Reached XP level 5. HP: 17/29 MP: 7/7
   985 | D:4      | HP: 6/29 [orc/+0 club (4)]
   987 | D:4      | Killed from afar by an orc wizard

Levels and vault maps discovered:
D:1:      tarquinn_simple_flora_water_c, layout_rooms, serial_corexii_hall,
          chequers_hall_statues_corner_a, corexii_hall_statues_t,
          dreamdust_mushroom_princess
D:2:      layout_loops_corners, uniq_jessica
D:4:      layout_cave_pools, kennysheep_boxes, uniq_edmund

Skill      XL: |  1  2  3  4 |
---------------+-------------+-----
Ranged Weapons | 6 7 8 |  8.4
Fighting       | |  1.5
Dodging        | |  2.4
Stealth        | |  1.2

Action                     |  1- 3 |  4- 6 || total
---------------------------+-------+-------++-------
   Fire: Shortbow          |    84 |    38 ||   122
    Use: Scroll            |     3 |       ||     3
 Armour: Leather armour    |     9 |    18 ||    27
  Dodge: Dodged            |    29 |    37 ||    66

Table legend:
 A = Non-vault XP
 B = Vault XP
 C = Vault XP percentage of total XP
 D = Non-vault monster count
 E = Vault monster count
 F = Vault count percentage of total count
                 A         B        C        D         E       F
            +---------+---------+-------+---------+---------+-------
      Total |     159 |      37 |  18.9 |      33 |       1 |   2.9
            +---------+---------+-------+---------+---------+-------
        D:1 |      34 |       0 |   0.0 |      20 |       0 |   0.0
        D:2 |     116 |      37 |  24.2 |       9 |       1 |  10.0
        D:4 |       9 |       0 |   0.0 |       4 |       0 |   0.0
            +---------+---------+-------+---------+---------+-------
